 Dungeon Crawl Stone Soup version 0.29.1-4-g47bece8355 (webtiles) character file.

Game seed: 13902815233261792667

9313 zeram the Cleaver (level 11, -4/101 HPs)
             Began as a Hill Orc Fighter on Dec 2, 2022.
             Was an Initiate of Gozag.
             Slain by a black mamba (14 damage)
             ... on level 2 of the Lair of Beasts.
             The game lasted 00:21:30 (7799 turns).

zeram the Cleaver (Hill Orc Fighter)                Turns: 7799, Time: 00:21:32

Health: -4/101     AC: 21    Str: 24    XL:     11   Next: 44%
Magic:  11/11      EV:  7    Int:  8    God:    Gozag
Gold:   2082       SH:  0    Dex: 10    Spells: 10/10 levels left

rFire   . . .      SeeInvis .   h - +4 broad axe (drain)
rCold   . . .      Faith    .   c - +0 buckler
rNeg    . . .      Spirit   .   B - +0 plate armour
rPois   .          Reflect  .   (no helmet)
rElec   .          Harm     .   j - +0 cloak
rCorr   .          Rampage  .   (no gloves)
Will    .....                   e - +1 pair of boots
Stlth   ..........              p - amulet of regeneration
HPRegen 1.06/turn               k - +4 ring of protection
MPRegen 0.12/turn               A - ring of flight

@: confused, lethally poisoned (-4 -> -15), ambrosia-drunk, flying, hasted,
studying Shields, very quick
A: no striking features
a: Renounce Religion, Potion Petition, Call Merchant, Bribe Branch


You were on level 2 of the Lair of Beasts.
You worshipped Gozag.
Gozag was most pleased with you.
You visited 3 branches of the dungeon, and saw 12 of its levels.
You also visited: Bailey.

You collected 2776 gold pieces.
You spent 598 gold pieces at shops.
You paid 96 gold pieces to Gozag.

Inventory:

Hand Weapons
 a - a +2 war axe
 h - a +4 broad axe of draining (weapon)
 I - a +4 morningstar
Armour
 b - a +0 scale mail
 c - a +0 buckler (worn)
 e - a +1 pair of boots (worn)
 j - a +0 cloak (worn)
 r - the +1 robe "Baulel" {Harm rElec Stlth+}
   (You bought it in a shop on level 3 of the Dungeon)

   rElec:     It insulates you from electricity.
   Harm:      It increases damage dealt and taken.
   Stlth:     It makes you more stealthy.
 B - a +0 plate armour (worn)
Jewellery
 k - a +4 ring of protection (left hand)
 p - an amulet of regeneration (around neck)
 x - a ring of protection from cold
 A - a ring of flight (right hand)
Wands
 n - a wand of polymorph (22)
 o - a wand of charming (20)
 u - a wand of acid (13)
 E - a wand of iceblast (6)
 F - a wand of mindburst (6)
 H - a wand of flame (21)
Scrolls
 f - 2 scrolls of fear
 i - 2 scrolls of summoning
 l - 3 scrolls of teleportation
 t - 5 scrolls of butterflies
 y - a scroll of amnesia
Potions
 d - a potion of might
 g - a potion of ambrosia
 m - 5 potions of haste
 s - 2 potions of lignification
 v - 4 potions of degeneration
 w - 2 potions of attraction
 z - 3 potions of mutation


   Skills:
 + Level 10.5 Fighting
 + Level 14.9 Axes
 - Level 1.2(8.2) Maces & Flails
 + Level 9.0 Armour
 + Level 2.3 Dodging
 + Level 2.5 Stealth
 + Level 7.7 Shields
 + Level 0.2 Evocations


You had 10 spell levels left.
You didn't know any spells.
Your spell library contained the following spells:

 Spells                   Type           Power      Damage    Failure   Level
 Apportation              Tloc           0%         N/A       100%        1
 Foxfire                  Conj/Fire      0%         2x1d4     100%        1
 Necrotise                Necr           0%         1d4       100%        1
 Slow                     Hex            0%         N/A       100%        1
 Summon Small Mammal      Summ           0%         N/A       100%        1
 Blink                    Tloc           0%         N/A       100%        2
 Ensorcelled Hibernation  Hex/Ice        0%         N/A       100%        2
 Passwall                 Tmut/Erth      0%         N/A       100%        2
 Sublimation of Blood     Necr           0%         N/A       100%        2
 Confusing Touch          Hex            0%         N/A       100%        3
 Conjure Flame            Conj/Fire      0%         6-21      100%        3
 Inner Flame              Hex/Fire       0%         N/A       100%        3
 Swiftness                Air            0%         N/A       100%        3
 Vampiric Draining        Necr           0%         2d6       100%        3
 Flame Wave               Conj/Fire      0%         2d4       100%        4
 Petrify                  Tmut/Erth      0%         N/A       100%        4
 Borgnjor's Vile Clutch   Necr/Erth      0%         N/A       100%        5
 Fireball                 Conj/Fire      0%         3d3       100%        5
 Freezing Cloud           Conj/Ice/Air   0%         6-21      100%        5
 Irradiate                Conj/Tmut      0%         3d11      100%        5
 Manifold Assault         Tloc           0%         N/A       100%        5
 Death Channel            Necr           0%         N/A       100%        6
 Starburst                Conj/Fire      0%         6d3       100%        6
 Storm Form               Tmut/Air       0%         N/A       100%        7
 Ignition                 Fire           0%         3d3       100%        8
 Chain Lightning          Conj/Air       0%         N/A       100%        9
 Fire Storm               Conj/Fire      0%         5d1       100%        9
 Polar Vortex             Ice            0%         N/A       100%        9
 Shatter                  Erth           0%         3d5*      100%        9
 Animate Dead             Necr           Unusable   N/A       N/A         4
 Simulacrum               Ice/Necr       Unusable   N/A       N/A         6

Dungeon Overview and Level Annotations

Branches:
Dungeon (9/15)             Temple (1/1) D:4            Lair (2/5) D:8
 Bailey (visited)
  Swamp: Lair:2-3    Shoals: Lair:2-3     Snake: Lair:2-3    Spider: Lair:2-3
    Orc: D:9-12

Altars:
Ashenzari
Cheibriados
Dithmenos
Elyvilon
Fedhas
Gozag
Hepliaklqana
Kikubaaqudgha
Makhleb
Nemelex Xobeh
Okawaru
Qazlal
Ru
Sif Muna
Uskayaw
Vehumet
Wu Jian
Xom
Yredelemnul
Zin
The Shining One

Shops:
D:3 **(((   D:5 =(   D:7 [


Message History

You miss the wolf. You closely miss the black mamba.
You feel very sick. The black mamba bites you!
* * * LOW HITPOINT WARNING * * *
The wolf bites you.
* * * LOW HITPOINT WARNING * * *
The black mamba bites you but does no damage.
The cane toad stings you but does no damage.
Unknown command.
You are too confused!
The cane toad attacks as you move away! The cane toad barely misses you.
You feel very sick. The wolf barely misses you. The wolf closely misses you.
The black mamba misses you.
You're too confused to move!
You feel very sick. The wolf bites you but does no damage.
The black mamba barely misses you. The cane toad stings you.
* * * LOW HITPOINT WARNING * * *
A komodo dragon comes into view.
The wolf bites you.
* * * LOW HITPOINT WARNING * * *
The cane toad attacks as you move away! The cane toad stings you!
* * * LOW HITPOINT WARNING * * *
You feel sick.
The komodo dragon hisses angrily.
The wolf closely misses you. The black mamba bites you!
* * * LOW HITPOINT WARNING * * *
You are lethally poisoned!
The black mamba poisons you!
Okay, then.
You are too confused!
You feel yourself speed up.
* * * LOW HITPOINT WARNING * * *
You feel very sick. The wolf bites you but does no damage.
The black mamba bites you but does no damage.
The wolf barely misses you. The black mamba bites you!
You die...
Your body crumbles into a pile of gold.

### #### #
#.##.#P#P##
#.........#
#....<....#
#.Y<..!....
#.hY....)+.
#@SFY.l..#
###Y##+.##
##.# # #..
#.. #..# $
... ..


You could see 4 elephants, a komodo dragon, a black mamba, a cane toad (drained)
and a wolf (drained).

Vanquished Creatures
  An orc warlord (Bailey)
  A hydra (Lair:1)
  Pikel (D:5)
  An orc knight (Bailey)
  The ghost of BiteMe the Firebug, a novice DsFE of Vehumet (D:8)
  A cane toad (Lair:1)
  The ghost of Insertrandomname the Trooper, an amateur DrFi of Elyvilon (D:4)
  2 trolls
  3 blink frogs (Lair:1)
  Eustachio (D:4)
  2 wyverns
  Menkaure (D:6)
  A water moccasin (D:8)
  An orc warrior (Bailey)
  2 ice beasts
  3 black bears
  2 ogres
  7 wolves
  3 centaurs
  A phantom (D:6)
  4 lemures (D:6)
  2 kobold brigands
  5 bullfrogs
  A gnoll sergeant (D:8)
  3 necrophages
  A scorpion (D:4)
  13 wights
  3 howler monkeys
  2 electric eels (D:8)
  8 hounds
  An orc priest (D:4)
  5 gnoll boudas
  5 jellies
  4 iguanas
  4 orc wizards
  18 gnolls
  16 adders
  A worm (D:3)
  A dart slug (D:4)
  18 orcs
  6 bats
  5 endoplasms
  3 giant cockroaches
  15 goblins
  6 hobgoblins
  7 jackals
  28 kobolds
  5 quokkas
  9 ball pythons
  5 frilled lizards
  7 rats
247 creatures vanquished.

Vanquished Creatures (collateral kills)
  An orc warrior (Bailey)
  An orc (Bailey)
  2 goblins (Bailey)
  3 hobgoblins (Bailey)
  2 kobolds (Bailey)
9 creatures vanquished.

Vanquished Creatures (others)
  7 plants
7 creatures vanquished.

Grand Total: 263 creatures vanquished

Notes
Turn   | Place    | Note
-------+----------+-------------------------------------------
     0 | D:1      | zeram the Hill Orc Fighter began the quest for the Orb.
     0 | D:1      | Reached XP level 1. HP: 19/19 MP: 1/1
   327 | D:1      | Reached XP level 2. HP: 25/27 MP: 2/2
   330 | D:1      | Reached skill level 3 in Axes
  1173 | D:2      | Reached XP level 3. HP: 33/33 MP: 3/3
  1224 | D:2      | Identified the +5 robe of Sovistug {rF+ Int+4 Dex-5 Stlth+}
  1475 | D:2      | Reached skill level 4 in Axes
  1924 | D:2      | Identified a scroll of acquirement
  1924 | D:2      | Acquired 971 gold pieces
  1944 | D:3      | Found Defuvorr's Antique Weapon Emporium.
  1948 | D:3      | Found Wyuruopt's Antique Weapon Emporium.
  2000 | D:3      | Reached XP level 4. HP: 40/40 MP: 4/4
  2083 | D:3      | Found Dyis's Weapon Shop.
  2108 | D:3      | Found an ornate altar of the Wu Jian Council.
  2317 | D:3      | Reached skill level 5 in Axes
  2331 | D:3      | Found a sacrificial altar of Ru.
  2362 | D:3      | Found Pufizud's Assorted Antiques.
  2370 | D:3      | Bought a copper ring for 130 gold pieces
  2370 | D:3      | Bought a scroll of identify for 52 gold pieces
  2370 | D:3      | Bought a scroll of teleportation for 78 gold pieces
  2370 | D:3      | Bought a scroll of teleportation for 78 gold pieces
  2370 | D:3      | Bought a scroll labelled LUFOTOS RUEJ for 26 gold pieces
  2370 | D:3      | Bought a colourful robe for 148 gold pieces
  2370 | D:3      | Identified the +1 robe "Baulel" {Harm rElec Stlth+} (You
                  | bought it in a shop on level 3 of the Dungeon)
  2370 | D:3      | Bought a bubbling white potion for 23 gold pieces
  2422 | D:3      | Found Fisal's General Store.
  2425 | D:3      | Found a faded altar of an unknown god.
  2534 | D:3      | Found a white marble altar of Elyvilon.
  2589 | D:4      | Noticed Eustachio
  2594 | D:4      | Reached XP level 5. HP: 46/46 MP: 5/5
  2604 | D:4      | Killed Eustachio
  2605 | D:4      | Reached skill level 6 in Axes
  2605 | D:4      | Reached XP level 6. HP: 53/53 MP: 6/6
  2682 | D:4      | Reached skill level 7 in Axes
  2719 | D:4      | Found a runed translucent door.
  2765 | D:4      | Reached skill level 1 in Dodging
  2765 | D:4      | Reached XP level 7. HP: 57/60 MP: 7/7
  2925 | D:4      | Found a staircase to the Ecumenical Temple.
  2936 | D:4      | Reached skill level 5 in Fighting
  2942 | Temple   | Entered the Ecumenical Temple
  3261 | Temple   | Became a worshipper of Gozag Ym Sagoz the Greedy
  3839 | D:4      | Noticed Insertrandomname's ghost (amateur DrFi)
  3845 | D:4      | Reached skill level 8 in Axes
  3858 | D:4      | Killed Insertrandomname's ghost
  3908 | D:5      | Entered Level 5 of the Dungeon
  3908 | D:5      | Found Xupneyc's Jewellery Shoppe.
  3916 | D:5      | Reached XP level 8. HP: 69/69 MP: 8/8
  3919 | D:5      | Reached skill level 9 in Axes
  3997 | D:5      | Found Bystrix's Weapon Shoppe.
  4004 | D:5      | Found a shimmering altar of Xom.
  4021 | D:5      | Reached skill level 5 in Armour
  4026 | D:5      | Reached skill level 1 in Stealth
  4360 | D:5      | Reached skill level 10 in Axes
  4644 | D:6      | Noticed Menkaure
  4738 | D:6      | Killed Menkaure
  4739 | D:6      | Reached XP level 9. HP: 36/78 MP: 9/9
  4794 | D:6      | Noticed Pikel
  4916 | D:5      | Killed Pikel
  4917 | D:5      | Reached skill level 11 in Axes
  4917 | D:5      | Reached skill level 5 in Shields
  5468 | D:7      | Found Ennunexic's Armour Emporium.
  5471 | D:7      | Bought a +0 cloak for 63 gold pieces
  5517 | D:7      | Noticed a troll
  5561 | D:6      | Killed a troll
  5669 | D:7      | Reached skill level 12 in Axes
  5680 | D:7      | Reached XP level 10. HP: 85/88 MP: 10/10
  6074 | D:8      | Found a staircase to the Lair.
  6089 | D:8      | Reached skill level 13 in Axes
  6224 | D:8      | Found a transporter.
  6224 | D:8      | Noticed BiteMe's ghost (novice DsFE)
  6227 | D:8      | Found a transporter.
  6354 | D:8      | Found a flagged portal.
  6369 | Bailey   | Entered a bailey
  6374 | Bailey   | Noticed an orc warlord
  6405 | Bailey   | Noticed an orc knight
  6466 | Bailey   | Killed an orc knight
  6558 | Bailey   | Found a runed translucent gate.
  6558 | Bailey   | Found a runed translucent gate.
  6558 | Bailey   | Found a runed translucent gate.
  6745 | Bailey   | Acquired a manual of Shields
  6774 | Bailey   | Killed an orc warlord
  6775 | Bailey   | Reached skill level 10 in Fighting
  6849 | Bailey   | Acquired a manual of Shields
  7124 | D:8      | Reached XP level 11. HP: 98/99 MP: 11/11
  7199 | D:8      | Reached skill level 14 in Axes
  7397 | D:8      | Killed BiteMe's ghost
  7492 | Lair:1   | Entered Level 1 of the Lair of Beasts
  7537 | Lair:1   | Noticed a four-headed hydra
  7552 | Lair:1   | Killed a five-headed hydra
  7553 | Lair:1   | Reached skill level 1 in Maces & Flails
  7799 | Lair:2   | Slain by a black mamba

Illustrated notes

Levels and vault maps discovered:
D:1:      lordsloth_arrival_two_stooges, layout_loops_corners
D:2:      layout_basic, minmay_tripent
D:3:      layout_rooms, mainiacjoe_overflow_concentric_impassable,
          nicolae_elyvilon_temple_path, nicolae_ru_awakened_eye, serial_shops,
          shop, nicolae_shop_crystal, shop, shop, shop, basic_ecumenical_altar,
          nicolae_titane
D:4:      layout_cave_pods, minmay_temple_entry_proselytizer,
          ebering_ghost_sewer_d, uniq_eustachio
D:5:      minmay_inner_zag, layout_basic, mainiacjoe_overflow_small_starburst,
          serial_shops, shop, nicolae_stop_n_shop_2
D:6:      layout_rooms, uniq_menkaure, uniq_pikel
D:7:      layout_rooms, serial_shops, nicolae_stop_n_shop_1
D:8:      corexii_shack_village, layout_loops_cross, erik_lair_island,
          gammafunk_ghost_arena, enter_bailey_5
D:9:      layout_gridville, serial_shops, shop, nicolae_stop_n_shop_2,
          nicolae_shop_behind_doors, uniq_joseph
Temple:   minmay_temple_bridge_d
Lair:1:   layout_cave_pods, ebering_ghost_rock_garden, minmay_holes,
          minivault_19, nicolae_quartered_pool_super, serial_bayou_pond_a,
          uniq_gastronok
Lair:2:   layout_roguey, minmay_swamp_entry_swarm, spider_nest_entry_a,
          roderic_batcave, uniq_urug

Skill      XL: |  1  2  3  4  5  6  7  8  9 10 11 |
---------------+----------------------------------+-----
Axes           | 3 4 5 6 7 8 10 12 13 14 | 14.9
Fighting       | 4 5 6 8 10 | 10.5
Armour         | 4 5 7 8 9 |  9.0
Dodging        | 1 2 |  2.3
Shields        | 4 5 6 7 |  7.7
Stealth        | 1 2 |  2.5
Maces & Flails | 1 |  1.2
Evocations     | |  0.2

Action                   |  1- 3 |  4- 6 |  7- 9 | 10-12 || total
-------------------------+-------+-------+-------+-------++-------
Melee: War axe           |   108 |    78 |   309 |   149 ||   644
       Broad axe         |       |       |       |    71 ||    71
       Morningstar       |       |       |       |    41 ||    41
Evoke: Wand              |       |       |       |     1 ||     1
  Use: Scroll            |     9 |       |    14 |     8 ||    31
       Potion            |       |     1 |     2 |    11 ||    14
 Stab: Distracted        |       |       |     2 |     1 ||     3
       Invisible         |       |       |       |     5 ||     5
Armor: Scale mail        |    49 |    41 |    49 |       ||   139
       Plate armour      |       |       |   161 |   226 ||   387
Dodge: Dodged            |    49 |    37 |   102 |   119 ||   307
Block: Buckler           |    29 |    14 |    69 |    80 ||   192
